 Dungeon Crawl Stone Soup version 0.28-a0-823-gb444dcf96d (webtiles) character file.

Game seed: 1691023983957579676

137 emperorscorpion the Slasher (level 5, -1/39 HPs)
             Began as a Djinni Warper on Nov 9, 2021.
             Slain by an orc priest (5 damage)
             ... on level 5 of the Dungeon.
             The game lasted 00:08:23 (3575 turns).

emperorscorpion the Slasher (Djinni Warper)         Turns: 3575, Time: 00:08:24

Health: -1/39      AC:  5    Str:  7 (10) XL:     5   Next: 43%
Gold:   166        EV: 11    Int: 15 (16) God:
                   SH:  0    Dex: 11 (12)

rFire   + + .      SeeInvis .   a - +0 falchion (elec)
rCold   x . .      Faith    .   (no shield)
rNeg    . . .      Spirit   .   b - +1 leather armour
rPois   ∞          Reflect  .   (no helmet)
rElec   .          Harm     .   (no cloak)
rCorr   .          Rampage  .   j - +0 pair of gloves
Will    .....      Rage     1%  (boots unavailable)
Stlth   +.........              (no amulet)
HPRegen 0.13/turn               (no ring)
MPRegen 0.00/turn               (no ring)

@: attractive, flying, very slightly contaminated, hasted, very quick
A: sickness immunity, fire resistance 2, cold vulnerability 1, float, innate
caster, hp casting, extra vitality 1, berserk 1, noise suppression
a: no special abilities


You were on level 5 of the Dungeon.
You visited 1 branch of the dungeon, and saw 5 of its levels.

You collected 166 gold pieces.

Inventory:

Hand Weapons
 a - a +0 falchion of electrocution (weapon)
 i - a +0 falchion
 m - a +1 dagger of venom
Missiles
 d - 5 boomerangs of dispersal (quivered)
 f - 13 poisoned darts
Armour
 b - a +1 leather armour (worn)
 j - a +0 pair of gloves (worn)
Scrolls
 c - a scroll of blinking
 h - 4 scrolls of teleportation
 n - 2 scrolls of identify
 p - a scroll of enchant armour


   Skills:
 + Level 2.4 Fighting
 + Level 3.2 Long Blades
 + Level 0.8 Throwing
 + Level 1.8 Armour
 + Level 2.9 Dodging
 - Level 0.3 Stealth
 * Level 2.9 Spellcasting


You couldn't memorise any spells.
You knew the following spells:

 Your Spells              Type           Power      Damage    Failure   Level
a - Static Discharge      Conj/Air       11%        N/A       13%         2
b - Lesser Beckoning      Tloc           11%        N/A       26%         3
c - Gell's Gravitas       Tloc           11%        N/A       26%         3
d - Teleport Other        Tloc           11%        N/A       26%         3
e - Manifold Assault      Tloc           11%        N/A       94%         5
f - Animate Skeleton      Necr           22%        N/A       9%          1
B - Blink                 Tloc           22%        N/A       13%         2
Your spell library was empty.

Dungeon Overview and Level Annotations

Branches:
Dungeon (5/15)
 Temple: D:4-7

Altars:
Nemelex Xobeh

Shops:
D:1 *[=

Annotations:
D:4 Blork the orc


Innate Abilities, Weirdness & Mutations

You are immune to sickness and miasma.
You are immune to poison.
Your flesh is very heat resistant. (rF++)
You are vulnerable to cold. (rC-)
You float through the air rather than walking.
You learn spells naturally, not from books.
Your magical power is your life essence.
You have superior vitality. (+4 HP)
You tend to lose your temper in combat.
You passively dampen the noise of your surroundings.


Message History

You feel weakened.
You feel dopey.
You feel clumsy. The hobgoblin hits you.
* * * LOW HITPOINT WARNING * * *
The orc priest closely misses you. Something hits you.
* * * LOW HITPOINT WARNING * * *
The orc closely misses you.
It was a potion of attraction.
You feel attractive to monsters.
Blork the orc casts a cantrip, but nothing happens.
The hobgoblin misses you.
You are too confused!
You aren't carrying any potions.
You feel less confused.
The orc priest hits you but does no damage.
Your magical contamination has completely faded away.
The orc priest is attracted toward you. The orc is attracted toward you.
Blork the orc is attracted toward you.
There is a stone staircase leading down here.
You fly downwards.
Reactivating autopickup.
There is a stone staircase leading up here.
Casting: Static Discharge (safe; 13% risk of failure)
Confirm with . or Enter, or press ? or * to list all spells.
You miscast Static Discharge.
You are very lightly contaminated with residual magic.
Nothing appears to happen.
* * * LOW HITPOINT WARNING * * *
The orc priest hits you but does no damage.
Casting: Static Discharge (safe; 13% risk of failure)
Confirm with . or Enter, or press ? or * to list all spells.
The orc priest is struck by an arc of lightning!
The orc priest is heavily wounded.
The lightning grounds out.
* * * LOW HITPOINT WARNING * * *
Unknown command.
Unknown command.
You closely miss the orc priest.
The orc priest is heavily wounded.
The orc priest hits you with a +0 mace.
You die...

...
######..
#......#
#......#
#......#
+......#
###......#
#..o@..#
#......#
+......#
#......+
#......#
......##
.......#
........+


You could see an orc priest.

Vanquished Creatures
  An orc wizard (D:3)
  4 adders
  A dart slug (D:1)
  8 orcs
  4 ball pythons
  4 bats
  8 endoplasms
  A giant cockroach (D:1)
  7 hobgoblins
  4 jackals
  5 kobolds
  2 quokkas (D:1)
  8 frilled lizards
  4 goblins
  4 rats
65 creatures vanquished.

Vanquished Creatures (others)
  3 plants (D:2)
3 creatures vanquished.

Grand Total: 68 creatures vanquished

Notes
Turn   | Place    | Note
-------+----------+-------------------------------------------
     0 | D:1      | emperorscorpion the Djinni Warper began the quest for the
                  | Orb.
     0 | D:1      | Reached XP level 1. HP: 18/18 MP: 0/0
   255 | D:1      | Reached XP level 2. HP: 22/23 MP: 0/0
   412 | D:1      | Reached skill level 2 in Long Blades
   659 | D:1      | Reached XP level 3. HP: 23/28 MP: 0/0
   659 | D:1      | Learned a level 1 spell: Animate Skeleton
   749 | D:1      | Found Ysait's Jewellery Boutique.
   978 | D:1      | Found Ruizxiyqu's Antique Armour Shoppe.
  1286 | D:1      | Found Timoq Itu's General Store.
  1597 | D:2      | Found a faded altar of an unknown god.
  1909 | D:2      | Reached XP level 4. HP: 24/33 MP: 0/0
  2586 | D:3      | Reached skill level 3 in Long Blades
  2586 | D:3      | Reached XP level 5. HP: 15/39 MP: 0/0
  2586 | D:3      | Learned a level 2 spell: Static Discharge
  3505 | D:4      | Identified the +2 pair of boots "Deirurot" {Drain rC++
                  | Will+ Dex+3}
  3508 | D:4      | Found a sparkling altar of Nemelex Xobeh.
  3559 | D:4      | Noticed Blork the orc
  3564 | D:4      | Gained mutation: You passively dampen the noise of your
                  | surroundings. [potion of mutation]
  3564 | D:4      | Gained mutation: You tend to lose your temper in combat.
                  | [potion of mutation]
  3572 | D:5      | Entered Level 5 of the Dungeon
  3575 | D:5      | Slain by an orc priest

Illustrated notes

Levels and vault maps discovered:
D:1:      kennysheep_arrival_seaside, layout_basic, serial_shops, shop_statue,
          nicolae_shop_trees, shop
D:2:      layout_basic, serial_forest, infiniplex_forest_clump_diagonal,
          infiniplex_forest_lined_room_2, infiniplex_forest_corner_1,
          infiniplex_forest_lined_room_2, infiniplex_forest_zigzag_1,
          infiniplex_forest_straight_2, infiniplex_forest_clump_medium,
          hellmonk_ecumenical_altar_leap_of_faith
D:3:      layout_basic, grunt_decor_fettered
D:4:      layout_basic, nemelex_diamond_rough_becter, minmay_temple_entry_waves,
          nicolae_ossuary_entry_catacombs, uniq_blork_the_orc
D:5:      layout_gridville, grunt_gozag_breadcrumbs, kennysheep_mini_moat,
          serial_shops, nicolae_stop_n_shop_1, st_stairs_13,
          nicolae_shop_gadgets

Skill      XL: |  1  2  3  4 |
---------------+-------------+-----
Long Blades    | 2 3 |  3.2
Fighting       | |  2.4
Throwing       | |  0.8
Armour         | |  1.8
Dodging        | |  2.9
Stealth        | |  0.3
Spellcasting   | |  2.9

Action                   |  1- 3 |  4- 6 || total
-------------------------+-------+-------++-------
Melee: Falchion          |    98 |    48 ||   146
       Dagger            |     5 |    15 ||    20
 Cast: Gell's Gravitas   |     1 |     1 ||     2
       Blink             |       |     1 ||     1
       Static Discharge  |       |     9 ||     9
  Use: Scroll            |     2 |     2 ||     4
       Potion            |       |     5 ||     5
 Stab: Sleeping          |       |     1 ||     1
Armor: Leather armour    |    31 |    26 ||    57
Dodge: Dodged            |    58 |    56 ||   114

Table legend: (Time is in decaauts)
 A = Elapsed time spent in this place.
 B = Non-inter-level travel time spent in this place.
 C = Inter-level travel time spent in this place.
 D = Time resting spent in this place.
 E = Time spent auto-exploring this place.
 F = Levels seen in this place.
 G = Mean time per level.
                   A        B        C        D        E       F      G
               +--------+--------+--------+--------+--------+-----+--------+
         Total |   3594 |   3382 |    212 |    328 |   2563 |   5 |  718.8 |
       Dungeon |   3594 |   3382 |    212 |    328 |   2563 |   5 |  718.8 |
               +--------+--------+--------+--------+--------+-----+--------+

Top non-repeatable levels by time:
     D:1: 1529 daAuts
     D:3: 1130 daAuts
     D:2: 861 daAuts
     D:4: 71 daAuts
     D:5: 1 daAuts
